 Dungeon Crawl Stone Soup version 0.17-a0-1591-g7a45446 (webtiles) character file.

11110 Nakatomy the Impaler (level 11, -8/102 HPs)
             Began as a Minotaur Fighter on July 29, 2015.
             Was a High Priest of Okawaru.
             Mangled by a white ugly thing (10 damage)
             ... on level 11 of the Dungeon.
             The game lasted 01:05:12 (10156 turns).

Nakatomy the Impaler (Minotaur Fighter)            Turns: 10156, Time: 01:05:12

Health: -8/102     AC: 12    Str: 24    XL:     11   Next: 45%
Magic:  10/10      EV: 10    Int:  5    God:    Okawaru [*****.]
Gold:   306        SH:  0    Dex: 10    Spells: 0 memorised, 10 levels left

rFire  + . .     SeeInvis .     Q - +2 halberd (chop)
rCold  . . .     Clarity  .     o - +4 scale mail {rF+}
rNeg   . . .     SustAt   +     (no shield)
rPois  .         Gourm    .     (helmet restricted)
rElec  .         Spirit   .     (no cloak)
rCorr  .         Warding  .     (no gloves)
rMut   .         Stasis   .     (no boots)
MR     .....                    x - amulet of rage
Stlth  ..........               k - +2 ring of slaying
                                f - ring of sustain attributes

@: not resistant to hostile enchantments, extremely unstealthy
A: retaliatory headbutt, horns 2
a: Heroism, Finesse, Renounce Religion, Evoke Berserk Rage


You were on level 11 of the Dungeon.
You worshipped Okawaru.
Okawaru was extremely pleased with you.
You were not hungry.

You visited 2 branches of the dungeon, and saw 12 of its levels.
You also visited: Ossuary.

You collected 306 gold pieces.

Inventory:

Hand weapons
 a - a +0 trident
 r - a +0 trident of venom
 Q - a +2 halberd of chopping (weapon)
Armour
 b - a +0 scale mail
 c - a +1 shield
 o - a +4 scale mail of fire resistance (worn)
 R - a +0 shield of cold resistance
Jewellery
 f - a ring of sustain attributes (left hand)
 k - a +2 ring of slaying (right hand)
 n - an uncursed amulet of guardian spirit
 x - an amulet of rage (around neck)
 L - an uncursed amulet of clarity {unknown}
Magical devices
 O - a wand of cold (6)
 S - a wand of random effects (18)
Scrolls
 g - 7 scrolls of remove curse
 h - 11 scrolls of identify
 l - 2 scrolls of magic mapping
 m - a scroll of blinking {unknown}
 p - 4 scrolls of enchant armour
 q - 4 scrolls of amnesia {unknown}
 y - 4 scrolls of teleportation {unknown}
 A - a scroll of fog {unknown}
 C - 3 scrolls of enchant weapon {unknown}
 D - 2 scrolls of noise {unknown}
 G - a scroll of random uselessness {unknown}
 I - a scroll of acquirement {unknown}
 M - a scroll of recharging {unknown}
Potions
 d - 2 potions of might
 i - a potion of cancellation {unknown}
 s - a potion of ambrosia {unknown}
 t - 2 potions of lignification
 u - 2 potions of haste {unknown}
 v - 2 potions of agility {unknown}
 w - 2 potions of degeneration {unknown}
 z - a potion of invisibility {unknown}
 E - 2 potions of curing
 H - a potion of magic {unknown}
 N - a potion of brilliance {unknown}
Books
 J - a book of Alchemy

   Spells                             Type                      Level
   a - Sublimation of Blood           Necromancy                   2
   b - Ignite Poison                  Fire/Transmutation/Poison    3
   c - Alistair's Intoxication        Transmutation/Poison         4
   d - Condensation Shield            Ice                          4
   e - Petrify                        Transmutation/Earth          4
   f - Irradiate                      Conjuration/Transmutation    5
 K - a book of Flames

   Spells                             Type                      Level
   a - Flame Tongue                   Conjuration/Fire             1
   b - Throw Flame                    Conjuration/Fire             2
   c - Conjure Flame                  Conjuration/Fire             3
   d - Inner Flame                    Hexes/Fire                   3
   e - Sticky Flame                   Conjuration/Fire             4
   f - Fireball                       Conjuration/Fire             5
Comestibles
 e - 5 bread rations
 j - 19 fruits
 B - 4 meat rations
 F - a beef jerky
 P - 6 slices of pizza
 T - 5 chunks of flesh


   Skills:
 - Level 11.1 Fighting
 + Level 15.8 Polearms
 - Level 10.0 Armour
 - Level 3.7 Shields


You had 10 spell levels left.
You didn't know any spells.

Dungeon Overview and Level Annotations

Branches:
Dungeon (11/15)            Temple (1/1) D:7
   Lair: D:8-11         Orc: D:9-12

Altars:
Ashenzari
Cheibriados
Dithmenos
Elyvilon
Fedhas
Gozag
Kikubaaqudgha
Makhleb
Nemelex Xobeh
Okawaru
Qazlal
Ru
Sif Muna
Trog
Vehumet
Xom
Yredelemnul
Zin
The Shining One

Shops:
D:8 :


Innate Abilities, Weirdness & Mutations

You reflexively headbutt those who attack you in melee.
You have a pair of horns on your head.


Message History

You kill the white imp!
Okawaru accepts your kill.
You slash the white ugly thing!
The white ugly thing is moderately wounded.
The white ugly thing engulfs you! The white ugly thing freezes you!
You slice the white ugly thing!!
Your headbutt misses the white ugly thing.
The white ugly thing is severely wounded.
You hit the white ugly thing.
The white ugly thing is severely wounded.
The white ugly thing engulfs you! The white ugly thing freezes you!!
You barely miss the white ugly thing.
The white ugly thing is severely wounded.
The white ugly thing engulfs you!
* * * LOW HITPOINT WARNING * * *
The white ugly thing freezes you!!
* * * LOW HITPOINT WARNING * * *
Use which ability? (? or * to list)
You fail to use your ability.
The white ugly thing engulfs you!
You die...

########. ...
........[... ..#
......... # #. #.#
....#.. .. # .##.
#.# ....#...h #. ...
..## #......8.
...##.##.. #.#
........# ######5#
#......# #...@uu#
..####...####.######
........(.(.)......#
....#...#####.####.#
........# #(#
#.#C#...# #.# # .#
#...# ###.##.# # #.#
....# #..(...# .#
..#.###.#
#...######.#


You could see 2 ugly things and a white imp.

Vanquished Creatures
  A hydra (D:8)
  A tengu warrior (D:11)
  An unseen horror (D:10)
  Pikel (D:8)
  A hill giant (D:10)
  An ugly thing (D:11)
  A gargoyle (D:11)
  3 polar bears (D:11)
  A trapdoor spider zombie (D:10)
  A wyvern (D:9)
  5 yaks
  A hungry ghost (D:10)
  3 wolves (D:10)
  Duvessa (D:7)
  9 ice beasts
  An orc warrior (D:10)
  2 phantoms
  2 sky beasts
  4 slaves (D:8)
  2 black bears
  8 ogres
  5 centaurs
  3 giant frogs (D:6)
  4 big kobolds
  An elf zombie (Ossuary)
  Dowan (D:7)
  A water moccasin zombie (D:5)
  2 scorpions (D:8)
  9 killer bees
  A water moccasin skeleton (D:7)
  An electric eel (D:11)
  4 crimson imps
  A human zombie (Ossuary)
  4 orc priests
  A wyvern simulacrum (D:11)
  5 centaur zombies
  2 giant frog zombies
  3 centaur skeletons
  A jelly (D:8)
  5 orc wizards
  4 worker ants
  Jessica (D:2)
  Terence (D:2)
  8 hounds
  An iguana (D:9)
  A gnoll shaman (D:4)
  2 sheep (D:8)
  A big kobold zombie (Ossuary)
  A hound zombie (D:11)
  2 mummies (Ossuary)
  6 gnolls
  4 adders
  4 white imps (D:11)
  2 shadow imps
  An ufetubus (D:11)
  An ooze (D:1)
  An adder skeleton (D:4)
  An adder zombie (Ossuary)
  5 worms (D:2)
  19 orcs
  12 bats
  A bat zombie (D:7)
  8 giant cockroaches
  10 goblins
  7 hobgoblins
  15 jackals
  13 kobolds
  7 quokkas
  A ball python (D:4)
  5 giant geckos
  7 giant newts
  A goblin zombie (Ossuary)
  8 hobgoblin zombies (Ossuary)
  2 jackal zombies (Ossuary)
  6 kobold zombies (Ossuary)
  6 orc zombies (Ossuary)
  2 quokka skeletons (D:9)
  14 rats
295 creatures vanquished.

Notes
Turn   | Place    | Note
--------------------------------------------------------------
     0 | D:1      | Nakatomy the Minotaur Fighter began the quest for the Orb.
     0 | D:1      | Reached XP level 1. HP: 19/19 MP: 0/0
   118 | D:1      | Reached XP level 2. HP: 25/27 MP: 1/1
   345 | D:1      | Reached skill level 4 in Polearms
   538 | D:1      | Reached XP level 3. HP: 33/33 MP: 2/2
   779 | D:2      | Noticed Jessica
   781 | D:2      | Killed Jessica
   781 | D:2      | Reached skill level 5 in Polearms
   788 | D:3      | Reached XP level 4. HP: 40/40 MP: 3/3
   902 | D:2      | Noticed Terence
   913 | D:2      | Killed Terence
  1084 | D:2      | Found a glowing golden altar of the Shining One.
  1170 | D:2      | Reached skill level 6 in Polearms
  1385 | D:2      | Reached XP level 5. HP: 46/46 MP: 4/4
  1409 | D:2      | Reached skill level 7 in Polearms
  1887 | D:3      | Found an opulent altar of Gozag.
  1937 | D:3      | Found a blossoming altar of Fedhas.
  1947 | D:4      | Noticed an ogre
  1956 | D:4      | Killed an ogre
  1956 | D:4      | Reached XP level 6. HP: 52/52 MP: 5/5
  1986 | D:4      | Noticed an ogre
  1999 | D:4      | Killed an ogre
  1999 | D:4      | Reached skill level 8 in Polearms
  2071 | D:4      | Found a sand-covered staircase.
  2076 | Ossuary  | Entered an ossuary
  2400 | Ossuary  | Reached skill level 9 in Polearms
  2417 | Ossuary  | Reached XP level 7. HP: 58/58 MP: 6/6
  2543 | D:4      | Reached skill level 10 in Polearms
  2659 | D:5      | Entered Level 5 of the Dungeon
  2672 | D:4      | Found a white marble altar of Elyvilon.
  3103 | D:3      | Found a bloodstained altar of Trog.
  3461 | D:3      | Found a stormy altar of Qazlal.
  3506 | D:3      | Found an iron altar of Okawaru.
  3519 | D:3      | Became a worshipper of Warmaster Okawaru
  3918 | D:6      | Reached skill level 11 in Polearms
  3922 | D:6      | Reached XP level 8. HP: 66/66 MP: 7/7
  4201 | D:6      | Reached skill level 5 in Armour
  4240 | D:6      | Reached skill level 5 in Fighting
  4288 | D:6      | Acquired Okawaru's first power
  4920 | D:7      | Found a staircase to the Ecumenical Temple.
  4929 | Temple   | Entered the Ecumenical Temple
  5170 | D:7      | Reached XP level 9. HP: 70/79 MP: 8/8
  5282 | D:8      | Found Ybeon's Book Emporium.
  5716 | D:7      | Noticed Duvessa
  5735 | D:7      | Noticed Dowan
  5738 | D:7      | Killed Duvessa
  5752 | D:7      | Killed Dowan
  6193 | D:8      | Found a radiant altar of Vehumet.
  6353 | D:8      | Noticed a two-headed hydra
  6361 | D:8      | Killed a two-headed hydra
  6366 | D:8      | Reached skill level 10 in Armour
  6609 | D:8      | Found a sparkling altar of Nemelex Xobeh.
  6650 | D:8      | Noticed Pikel
  6702 | D:8      | Reached skill level 10 in Fighting
  6702 | D:8      | Reached XP level 10. HP: 93/93 MP: 9/9
  6877 | D:8      | Killed Pikel
  7000 | D:8      | Found a burning altar of Makhleb.
  7003 | D:8      | Found a sacrificial altar of Ru.
  7006 | D:8      | Found a shimmering altar of Xom.
  7009 | D:8      | Found a deep blue altar of Sif Muna.
  7256 | D:10     | Entered Level 10 of the Dungeon
  7871 | D:9      | Reached skill level 12 in Polearms
  8369 | D:9      | Found a shattered altar of Ashenzari.
  8581 | D:10     | Killed an unseen horror
  8581 | D:10     | Reached skill level 13 in Polearms
  9031 | D:10     | Noticed a hill giant
  9039 | D:10     | Killed a hill giant
  9039 | D:10     | Acquired Okawaru's second power
  9039 | D:10     | Reached skill level 14 in Polearms
  9054 | D:10     | Reached XP level 11. HP: 92/102 MP: 10/10
  9514 | D:11     | Noticed a tengu warrior
  9535 | D:11     | Killed a tengu warrior
  9535 | D:11     | Reached skill level 15 in Polearms
  9976 | D:11     | Received a gift from Okawaru
 10091 | D:11     | Noticed a hill giant
 10155 | D:11     | HP: 2/102 [white ugly thing (23)]
 10156 | D:11     | Mangled by a white ugly thing

Vault maps used:
D:1:      minmay_arrival_shoal_huts
D:2:      minivault_23, hangedman_abyss_or_decor_stabs, tso_metal_star,
          uniq_jessica, uniq_terence
D:3:      grunt_temple_overflow_forces_of_nature, grunt_temple_overflow_open,
          trog_three_pillars_becter
D:4:      elyvilon_altar_1, enter_ossuary_5
D:5:      wad_crossroads, first_bread, eino_curves_01, uniq_edmund,
          uniq_prince_ribbit1
D:7:      minmay_temple_entry_statues_fountains, uniq_duvessa
D:8:      grunt_temple_overflow_cloverleaf, lemuel_doored_altar, serial_shops,
          shop, hangedman_ranch, nemelex_lonely_heart_becter, uniq_pikel
D:9:      lemuel_coloured_pillars_altar, spider_trap
D:10:     erik_lair_island, minmay_orc_entry_guard_dogs, serial_shops,
          kennysheep_mini, uniq_grum
D:11:     minmay_thick_lines, serial_ice, serial_ice_n, serial_ice_d,
          serial_ice_m, serial_ice_o, serial_ice_b, serial_ice_i,
          portal_ice_cave_entry_ice_statue_01
Temple:   circular_temple_pool_8
Ossuary:  ossuary_tomb_1

Action                   |  1- 3 |  4- 6 |  7- 9 | 10-12 || total
-------------------------+-------+-------+-------+-------++-------
Melee: Trident           |    81 |   194 |   298 |       ||   573
       Halberd           |       |       |    20 |   297 ||   317
Invok: Heroism           |       |       |     2 |     2 ||     4
  Use: Scroll            |       |       |     4 |       ||     4
  Eat: Chunk             |       |     4 |    15 |    10 ||    29
       Fruit             |       |       |       |     2 ||     2
